 Dungeon Crawl Stone Soup version 0.19-a0-929-g333bac9 (webtiles) character file.

35 Arkorax the Insei (level 3, -1/20 HPs)
             Began as a Vine Stalker Monk on July 7, 2016.
             Killed from afar by an orc wizard (2 damage)
             ... with a puff of flame
             ... on level 2 of the Dungeon.
             The game lasted 00:01:07 (926 turns).

Arkorax the Insei (Vine Stalker Monk)                Turns: 926, Time: 00:01:07

Health: -1/20      AC:  5    Str: 13    XL:     3   Next: 35%
Magic:  0/4        EV: 11    Int: 10    God:
Gold:   6          SH:  0    Dex: 17    Spells: 0 memorised, 2 levels left

rFire  . . .     SeeInvis .       - Unarmed
rCold  . . .     Gourm    .     g - +0 ring mail
rNeg   . . .     Faith    .     (no shield)
rPois  .         Spirit   +     (no helmet)
rElec  .         Dismiss  .     (no cloak)
rCorr  .         Reflect  .     (no gloves)
SustAt .         Harm     .     (no boots)
MR     .....                    (no amulet)
Stlth  ++........               (no ring)
                                (no ring)

@: not resistant to hostile enchantments, unstealthy
A: fangs 2, regeneration 1, magic shield, antimagic bite, no device heal 3, rot
immunity
a: no special abilities


You were on level 2 of the Dungeon.
You were not hungry.

You visited 1 branch of the dungeon, and saw 3 of its levels.

You collected 6 gold pieces.

Inventory:

Armour
 a - a +0 robe
 g - a +0 ring mail (worn)
Scrolls
 d - a scroll of blinking {unknown}
 e - a scroll of remove curse {unknown}
 h - a scroll of identify {unknown}
Potions
 c - 2 potions of flight {unknown}
 f - a potion of curing {unknown}
Comestibles
 b - a bread ration


   Skills:
 + Level 3.1 Fighting
 - Level 2.4 Dodging
 - Level 2.4 Stealth
 * Level 4.0 Unarmed Combat


You had 2 spell levels left.
You didn't know any spells.

Dungeon Overview and Level Annotations

Branches:
Dungeon (3/15)

Altars:


Innate Abilities, Weirdness & Mutations

You have extremely sharp teeth.
Your natural rate of healing is unusually fast.
When hurt, damage is shared between your health and your magic reserves.
Your bite disrupts and absorbs the magic of your enemies.
Potions and wands cannot restore your health.
You are immune to rotting.


Message History

You butcher the gnoll corpse.
An orc comes into view. It is wielding a mace.
Things that are here:
a club; 4 chunks of flesh
There is a stone staircase leading up here.
You climb upwards.
There is a stone staircase leading down here.
The orc wizard points at you and mumbles some strange words.
The magic dart hits you!
* * * LOW HITPOINT WARNING * * *
The gnoll hits you from afar with a halberd.
* * * LOW HITPOINT WARNING * * *
The orc wizard mumbles some strange words.
The orc wizard seems to speed up.
The orc wizard casts a spell at you. The magic dart hits you!
* * * LOW HITPOINT WARNING * * *
The orc wizard gestures at you while chanting.
The puff of flame hits you!
You die...

..............................).#
######............###.........#.#
##.....#.............####....
#.............#####...#####..
#.......####### #..........
#..)....# #######....###.
##...<..#######..............
##...#......##.........#.##.
#.########@##.........#..#. .<.
#.##.........##... .###
#............####. ..
###..#.g.......####. .
#..og#.....g........
#..##>#.############. #.......#
#. .....##..## #. ...# ##.. ##


You could see an orc wizard and a gnoll.

Vanquished Creatures
  A gnoll (D:3)
  An adder (D:3)
  2 giant geckos (D:1)
  A ball python (D:1)
  2 goblins
  4 hobgoblins
  2 kobolds (D:1)
  A giant newt (D:2)
14 creatures vanquished.

Vanquished Creatures (others)
  An orc (D:3)
1 creature vanquished.

Grand Total: 15 creatures vanquished

Notes
Turn   | Place    | Note
-------+----------+-------------------------------------------
     0 | D:1      | Arkorax the Vine Stalker Monk began the quest for the Orb.
     0 | D:1      | Reached XP level 1. HP: 11/11 MP: 2/2
   236 | D:1      | Reached XP level 2. HP: 7/16 MP: 3/3
   839 | D:3      | Reached XP level 3. HP: 10/20 MP: 1/4
   916 | D:3      | Reached skill level 4 in Unarmed Combat
   922 | D:2      | HP: 1/20 [gnoll/halberd (3)]
   926 | D:2      | Killed from afar by an orc wizard

Vault maps used:
D:1:      dpeg_arrival_short_road
D:2:      lemuel_doored_altar
D:3:      ecumenical_altar_2, first_bread, elyvilon_altar_4

Skill      XL: |  1  2  3 |
---------------+----------+-----
Fighting       | 3 |  3.1
Unarmed Combat | 4 |  4.0
Dodging        | |  2.4
Stealth        | |  2.4

Action                   || total
-------------------------++-------
Melee: Unarmed           ||    52
       Bite              ||    10
 Stab: Sleeping          ||     2
Armor: Robe              ||     5
       Ring mail         ||     9
Dodge: Dodged            ||    28
